 Dungeon Crawl Stone Soup version 0.31-a0-271-gb88eb75e06 (webtiles) character file.

Game seed: 12012797234078836316

457 Shard1697 the Caller (level 6, 41/45 HPs)
             Began as a Draconian Hedge Wizard on July 15, 2023.
             Was an Initiate of Okawaru.
             Quit the game in the Ecumenical Temple.
             The game lasted 00:06:35 (2864 turns).

Shard1697 the Caller (Draconian Hedge Wizard)       Turns: 2864, Time: 00:06:35

Health: 41/45      AC: 11    Str: 12    XL:     6   Next: 77%
Magic:  10/13      EV: 12    Int: 17    God:    Okawaru [......]
Gold:   186        SH:  0    Dex: 10    Spells: 8/14 levels left

rFire   . . .        m - +1 whip (drain)
rCold   . . .        (no shield)
rNeg    + . .        (body armour unavailable)
rPois   .            b - +1 hat
rElec   .            (no cloak)
rCorr   .            (no gloves)
SInv    .            (no boots)
Will    .....        (no amulet)
Stlth   ++           n - +4 ring of protection
HPRegen 0.27/turn    j - ring of positive energy
MPRegen 0.13/turn

%: no passive effects
@: no status effects
A: AC +6, unfitting armour, cold-blooded
a: Renounce Religion


You were in the Ecumenical Temple.
You worshipped Okawaru.
Okawaru was noncommittal.
You visited 2 branches of the dungeon, and saw 5 of its levels.

You collected 186 gold pieces.

Inventory:

Hand Weapons
 k - a +0 flail
 m - a +1 whip of draining (weapon)
Armour
 b - a +1 hat (worn)
Jewellery
 f - a ring of resist corrosion
 j - a ring of positive energy (right hand)
 n - a +4 ring of protection (left hand)
Scrolls
 a - 2 scrolls of revelation {unknown}
 e - 2 scrolls of summoning {unknown}
 g - a scroll of immolation {unknown}
Potions
 c - 2 potions of magic
 d - a potion of brilliance
 h - 2 potions of might
 i - 3 potions of curing {unknown}
 l - a potion of enlightenment


   Skills:
 - Level 1.7 Dodging
 - Level 1.7 Stealth
 + Level 4.7 Spellcasting
 - Level 1.0 Conjurations
 + Level 5.8 Summonings
 - Level 1.0 Translocations


You had 8 spell levels left.
You knew the following spells:

 Your Spells              Type           Power      Damage    Failure   Level
a - Magic Dart            Conj           28%        1d4       10%         1
b - Call Imp              Summ           46%        N/A       1%          2
t - Call Canine Familiar  Summ           23%        N/A       4%          3

Your spell library contained the following spells:

 Spells                   Type           Power      Damage    Failure   Level
 Slow                     Hex            16%        N/A       14%         1
 Blink                    Tloc           14%        N/A       14%         2
 Cigotuvi's Dreadful Rot  Necr/Pois/Air  8%         N/A       22%         2
 Sublimation of Blood     Necr           4%         N/A       22%         2
 Wereblood                Tmut           4%         N/A       22%         2
 Mephitic Cloud           Conj/Pois/Air  5%         N/A       36%         3
 Metabolic Englaciation   Hex/Ice        2%         N/A       99%         5
 Monstrous Menagerie      Summ           Unusable   N/A       N/A         7
 Summon Hydra             Summ           Unusable   N/A       N/A         7

Dungeon Overview and Level Annotations

Branches:
Dungeon (4/15)             Temple (1/1) D:4

Altars:
Cheibriados
Elyvilon
Makhleb
Nemelex Xobeh
Okawaru
Sif Muna
Trog
Uskayaw
Vehumet
Wu Jian
Xom
Yredelemnul
Zin

Shops:
D:3 [


Innate Abilities, Weirdness & Mutations

Your plain brown scales are hard. (AC +6)
You cannot fit into any form of body armour.
You are cold-blooded and may be slowed by cold attacks.


Message History

Your cerulean imp hits the steam dragon but does no damage.
The steam dragon bites you but does no damage.
The steam dragon barely misses you.
You closely miss the steam dragon.
The steam dragon is severely wounded.
Your cerulean imp completely misses the steam dragon.
Your hound bites the steam dragon.
The steam dragon breathes steam at you. The ball of steam misses you.
You barely miss the steam dragon.
The steam dragon is almost dead.
You are engulfed in a cloud of scalding steam.
Your hound bites the steam dragon.
Your cerulean imp hits the steam dragon but does no damage.
The steam dragon bites you. The steam dragon claws you.
Your hound bites the steam dragon.
Your cerulean imp barely misses the steam dragon.
You hit the steam dragon. You drain the steam dragon.
You kill the steam dragon!
You are engulfed in a cloud of scalding steam.
Found a staircase to the Ecumenical Temple and a stone staircase leading down.
Found 7 gold pieces.
Found a scroll labelled OLOIFR YQAB.
You now have 186 gold pieces (gained 7).
e - 2 scrolls labelled OLOIFR YQAB (gained 1)
There is a staircase to the Ecumenical Temple here.
You climb downwards.
Welcome to the Ecumenical Temple!
Your summoned allies are left behind.
Found five altars.
There is a staircase back to the Dungeon here.
Found a bloodstained altar of Trog.
Found a glowing silver altar of Zin.
Found a white marble altar of Elyvilon and an iron altar of Okawaru.
There is a shimmering blue altar of Sif Muna here.
Found an ornate altar of the Wu Jian Council.
Found a shimmering altar of Xom and a snail-covered altar of Cheibriados.
There is an iron altar of Okawaru here.
You kneel at the altar of Okawaru.
Okawaru welcomes you!
Are you sure you want to abandon this character and quit the game? (Confirm with "yes".)

#############
####...........##
##........⌠.......
#..................
#....._..........._.
#....................
.............@.......
.....................
......._..........._.
.....................
._..........._.......
.....................
......._..........._.
.....................
............._.......


There were no monsters in sight!

Vanquished Creatures
  A steam dragon (D:4)
  2 phantoms
  2 gnolls (D:4)
  A dart slug (D:1)
  An orc (D:3)
  7 ball pythons
  5 bats (D:1)
  10 endoplasms
  5 giant cockroaches
  4 goblins
  8 hobgoblins
  3 jackals (D:2)
  3 quokkas
  3 frilled lizards
  4 kobolds
  4 rats
63 creatures vanquished.

Vanquished Creatures (collateral kills)
  A jelly (D:4)
  2 gnolls
  An adder (D:2)
  2 worms (D:2)
  A dart slug (D:2)
  A ball python (D:4)
  2 bats (D:1)
  An endoplasm (D:1)
  2 giant cockroaches
  A goblin (D:1)
  A jackal (D:2)
  2 kobolds
  3 rats
20 creatures vanquished.

Vanquished Creatures (others)
  An ufetubus (D:4)
1 creature vanquished.

Grand Total: 84 creatures vanquished

Notes
Turn   | Place    | Note
-------+----------+-------------------------------------------
     0 | D:1      | Shard1697 the Draconian Hedge Wizard began the quest for
                  | the Orb.
     0 | D:1      | Reached XP level 1. HP: 14/14 MP: 4/4
   196 | D:1      | Reached skill level 2 in Summonings
   209 | D:1      | Reached XP level 2. HP: 20/20 MP: 1/6
   212 | D:1      | Learned a level 2 spell: Call Imp
   291 | D:1      | Got the Codex of Familiar Glamour
   520 | D:1      | Reached skill level 3 in Summonings
   543 | D:1      | Reached XP level 3. HP: 21/26 MP: 7/7
   547 | D:1      | Learned a level 3 spell: Call Canine Familiar
  1119 | D:2      | Reached XP level 4. HP: 33/33 MP: 5/8
  1206 | D:2      | Reached skill level 4 in Summonings
  1222 | D:2      | Found a faded altar of an unknown god.
  1708 | D:3      | Noticed a phantom
  1744 | D:2      | Killed a phantom
  1745 | D:2      | Reached XP level 5. HP: 15/38 MP: 4/10
  1992 | D:3      | Found Vulukhl Qili's Armour Emporium.
  2076 | D:3      | Found a radiant altar of Vehumet.
  2625 | D:4      | Reached skill level 5 in Summonings
  2776 | D:4      | Noticed a phantom
  2791 | D:4      | Killed a phantom
  2792 | D:4      | Reached XP level 6. HP: 39/45 MP: 8/12
  2806 | D:4      | Noticed a steam dragon
  2824 | D:4      | Killed a steam dragon
  2832 | D:4      | Found a staircase to the Ecumenical Temple.
  2850 | Temple   | Entered the Ecumenical Temple
  2863 | Temple   | Became a worshipper of Warmaster Okawaru
  2864 | Temple   | Quit the game

Illustrated notes

Levels and vault maps discovered:
D:1:      dpeg_arrival_three_same_balls, layout_basic, minmay_vboxes
D:2:      layout_rooms, chequers_ecumenical_altar_island
D:3:      layout_basic, nicolae_vehumet_altar_sigil, serial_shops,
          nicolae_shop_behind_doors
D:4:      nicolae_BIG_FREAKIN_CUBE, layout_basic, temple_fountains,
          lightli_sewer_entry_pipes, uniq_natasha, uniq_crazy_yiuf_cottage
Temple:   cyrus_circular_temple

Skill      XL: |  1  2  3  4  5 |
---------------+----------------+-----
Summonings     | 2 3 4 5 |  5.8
Spellcasting   | 4 |  4.7
Dodging        | |  1.7
Stealth        | |  1.7
Conjurations   | |  1.0
Translocations | |  1.0

Action                     |  1- 3 |  4- 6 || total
---------------------------+-------+-------++-------
  Melee: Dagger            |    17 |       ||    17
         Tailslap          |     6 |    14 ||    20
         Club              |    72 |       ||    72
         Spear             |    34 |    93 ||   127
         Whip              |    14 |    63 ||    77
         Punch             |       |     2 ||     2
   Cast: Magic Dart        |    16 |       ||    16
         Call Imp          |    10 |     7 ||    17
         Call Canine Famil |     1 |     6 ||     7
    Use: Scroll            |     3 |     4 ||     7
   Stab: Distracted        |     2 |     1 ||     3
         Sleeping          |       |     1 ||     1
 Armour: Skin              |    69 |    61 ||   130
  Dodge: Dodged            |   145 |    90 ||   235

Table legend: (Time is in decaauts)
 A = Elapsed time spent in this place.
 B = Non-inter-level travel time spent in this place.
 C = Inter-level travel time spent in this place.
 D = Time resting spent in this place.
 E = Time spent auto-exploring this place.
 F = Levels seen in this place.
 G = Mean time per level.
                   A        B        C        D        E       F      G
               +--------+--------+--------+--------+--------+-----+--------+
         Total |   2917 |   2860 |     57 |     54 |   1946 |   5 |  583.4 |
       Dungeon |   2903 |   2846 |     57 |     54 |   1946 |   4 |  725.8 |
        Temple |     13 |     13 |      0 |      0 |      0 |   1 |   13.0 |
               +--------+--------+--------+--------+--------+-----+--------+

Top non-repeatable levels by time:
     D:3: 954 daAuts
     D:1: 949 daAuts
     D:2: 757 daAuts
     D:4: 241 daAuts
  Temple: 13 daAuts
